[ AOE2 MATCH · #475167521 ]
UnrankedHindustanis vs Poles
[ REPLAY ANALYSIS · EXTRACTED FROM THE RECORDED GAME ]
Feudal
10:57
Castle
15:16
Imperial
29:40
| APM avg | 37.6 |
| APM peak | 68 |
| eAPM avg | 21.2 |
| Villagers / military | 165 / 762 |
Focus
⚔️ 33.5% · 🌾 66.5%
Scout Cavalry ×373 · Camel Scout ×188 · Skirmisher ×130 · Hand Cannoneer ×60 · Monk ×6 · Spearman ×2
Feudal
11:27
Castle
15:31
Imperial
28:41
| APM avg | 24.1 |
| APM peak | 66 |
| eAPM avg | 20.2 |
| Villagers / military | 152 / 1208 |
Focus
⚔️ 56.4% · 🌾 43.6%
Scout Cavalry ×331 · Knight ×289 · Spearman ×270 · Skirmisher ×227 · Obuch ×78 · Trade Cart ×25
Feudal
—
Castle
—
Imperial
—
| APM avg | 39.3 |
| APM peak | 87 |
| eAPM avg | 15.0 |
| Villagers / military | 144 / 260 |
Focus
⚔️ 44.7% · 🌾 55.3%
Scout Cavalry ×102 · Battle Elephant ×61 · Ballista Elephant ×43 · Scorpion ×21 · Trebuchet (Packed) ×17 · Mangonel ×9
Feudal
8:33
Castle
30:22
Imperial
35:37
| APM avg | 51.9 |
| APM peak | 118 |
| eAPM avg | 25.7 |
| Villagers / military | 188 / 162 |
Focus
⚔️ 25.8% · 🌾 74.2%
Spearman ×115 · Bombard Cannon ×19 · Teutonic Knight ×17 · Mangonel ×9 · Monk ×1 · Militia ×1
Feudal
10:35
Castle
14:25
Imperial
31:22
| APM avg | 42.8 |
| APM peak | 90 |
| eAPM avg | 27.0 |
| Villagers / military | 153 / 574 |
Focus
⚔️ 50.5% · 🌾 49.5%
Scout Cavalry ×362 · Mangudai ×159 · Trade Cart ×38 · Mangonel ×32 · Camel Scout ×8 · Battering Ram ×6
Feudal
10:08
Castle
13:52
Imperial
45:18
| APM avg | 42.6 |
| APM peak | 108 |
| eAPM avg | 26.9 |
| Villagers / military | 131 / 926 |
Focus
⚔️ 44.7% · 🌾 55.3%
Spearman ×521 · Archer ×256 · Scout Cavalry ×108 · Mangonel ×14 · Knight ×9 · Monk ×7
Feudal
9:45
Castle
33:25
Imperial
—
| APM avg | 10.8 |
| APM peak | 59 |
| eAPM avg | 6.9 |
| Villagers / military | 101 / 9 |
Focus
⚔️ 9.0% · 🌾 91.0%
Spearman ×9
Feudal
12:00
Castle
16:30
Imperial
29:06
| APM avg | 41.4 |
| APM peak | 106 |
| eAPM avg | 23.8 |
| Villagers / military | 141 / 438 |
Focus
⚔️ 47.2% · 🌾 52.8%
Archer ×251 · Skirmisher ×125 · Plumed Archer ×28 · Spearman ×22 · Monk ×5 · Eagle Scout ×4
Match map
Initial resources + every placement click. Lines = walls · curves = elevation contours. ◆ gold · ⬟ stone · ● berries · ✦ relic · ◌ wall gap
Your base· ✓ Closed at 15:16 · 0t walls · 3 gate(s)
venslugen's base· ✓ Closed at 15:31 · 0t walls · 2 gate(s)
TheKingNight893's base· ✓ Closed at 11:23 · 0t walls · 2 gate(s)
PwNaSauRuS's base· ✓ Closed at 30:22 · 3t walls · 2 gate(s)
tc-Hawx's base· ✓ Closed at 14:25 · 0t walls · 2 gate(s)
DrFuji's base· ✓ Closed at 13:52 · 0t walls · 3 gate(s)
G.Gerry11's base· ✓ Closed at 33:25 · 0t walls · 4 gate(s)
zulin's base· ✓ Closed at 16:30 · 0t walls · 3 gate(s)
Smoothed initial terrain · ◌ = detected wall gap · hover for details
Inputs per minute
— damiansima - - venslugen
Build order — damiansima
First 150 of 593 actions detected
| 0:02 | Create | Villager (Male) |
| 0:02 | Create | Villager (Male) |
| 0:02 | Create | Villager (Male) |
| 0:02 | Create | Villager (Male) |
| 0:04 | Build | House |
| 0:05 | Build | House |
| 1:28 | Create | Villager (Male) |
| 1:29 | Create | Villager (Male) |
| 1:29 | Create | Villager (Male) |
| 1:50 | Build | Lumber Camp |
| 2:00 | Create | Villager (Male) |
| 2:00 | Create | Villager (Male) |
| 2:10 | Build | House |
| 2:25 | Create | Villager (Male) |
| 2:25 | Create | Villager (Male) |
| 2:32 | Build | House |
| 2:52 | Create | Villager (Male) |
| 3:08 | Create | Villager (Male) |
| 3:08 | Create | Villager (Male) |
| 3:09 | Create | Villager (Male) |
| 3:41 | Create | Villager (Male) |
| 3:41 | Create | Villager (Male) |
| 4:34 | Create | Villager (Male) |
| 4:34 | Create | Villager (Male) |
| 4:34 | Create | Villager (Male) |
| 4:51 | Create | Villager (Male) |
| 4:57 | Create | Villager (Male) |
| 4:57 | Create | Villager (Male) |
| 5:19 | Create | Villager (Male) |
| 5:19 | Create | Villager (Male) |
| 5:34 | Create | Villager (Male) |
| 5:37 | Create | Villager (Male) |
| 5:37 | Create | Villager (Male) |
| 5:48 | Create | Villager (Male) |
| 5:49 | Create | Villager (Male) |
| 5:49 | Create | Villager (Male) |
| 5:56 | Build | Mill |
| 6:21 | Create | Villager (Male) |
| 6:21 | Create | Villager (Male) |
| 6:22 | Create | Villager (Male) |
| 6:39 | Create | Villager (Male) |
| 6:40 | Create | Villager (Male) |
| 6:40 | Create | Villager (Male) |
| 6:40 | Create | Villager (Male) |
| 6:59 | Build | Farm |
| 7:05 | Build | Farm |
| 7:10 | Build | Farm |
| 7:14 | Build | House |
| 7:18 | Build | House |
| 8:00 | Build | Farm |
| 8:32 | Research | Feudal Age |
| 8:36 | Build | Mining Camp |
| 10:08 | Build | Farm |
| 10:16 | Build | Farm |
| 10:57 | Age | Feudal Age |
| 11:21 | Create | Villager (Male) |
| 11:21 | Create | Villager (Male) |
| 11:21 | Create | Villager (Male) |
| 11:22 | Create | Villager (Male) |
| 11:26 | Build | Market |
| 11:28 | Build | Blacksmith |
| 12:35 | Research | Castle Age |
| 13:05 | Research | Double-Bit Axe |
| 13:06 | Research | Horse Collar |
| 13:49 | Research | Gold Mining |
| 13:53 | Build | Farm |
| 14:02 | Build | Farm |
| 14:57 | Create | Villager (Male) |
| 14:57 | Create | Villager (Male) |
| 14:57 | Create | Villager (Male) |
| 14:57 | Create | Villager (Male) |
| 15:16 | Age | Castle Age |
| 15:24 | Build | Town Center |
| 15:28 | Create | Villager (Male) |
| 15:32 | Build | Town Center |
| 15:36 | Create | Villager (Male) |
| 15:36 | Create | Villager (Male) |
| 15:37 | Create | Villager (Male) |
| 15:39 | Research | Bow Saw |
| 15:46 | Build | House |
| 15:46 | Build | House |
| 15:47 | Build | House |
| 16:08 | Create | Villager (Male) |
| 16:08 | Create | Villager (Male) |
| 16:08 | Create | Villager (Male) |
| 16:12 | Build | Farm |
| 16:15 | Create | Villager (Male) |
| 16:41 | Build | Farm |
| 16:44 | Create | Villager (Male) |
| 16:44 | Create | Villager (Male) |
| 16:44 | Create | Villager (Male) |
| 16:46 | Build | House |
| 16:47 | Build | House |
| 17:00 | Create | Villager (Male) |
| 17:00 | Create | Villager (Male) |
| 17:08 | Build | Monastery |
| 17:14 | Create | Villager (Male) |
| 17:21 | Create | Villager (Male) |
| 17:21 | Create | Villager (Male) |
| 17:21 | Create | Villager (Male) |
| 17:21 | Create | Villager (Male) |
| 17:21 | Create | Villager (Male) |
| 17:26 | Create | Villager (Male) |
| 17:26 | Create | Villager (Male) |
| 17:26 | Create | Villager (Male) |
| 17:31 | Build | Farm |
| 17:32 | Build | Farm |
| 17:35 | Create | Villager (Male) |
| 17:36 | Create | Villager (Male) |
| 17:41 | Build | House |
| 17:44 | Create | Monk |
| 17:48 | Create | Villager (Male) |
| 17:48 | Create | Villager (Male) |
| 18:03 | Build | Farm |
| 18:03 | Build | Farm |
| 18:05 | Build | Farm |
| 18:06 | Build | Farm |
| 18:12 | Build | House |
| 18:13 | Build | House |
| 18:17 | Create | Villager (Male) |
| 18:18 | Create | Villager (Male) |
| 18:18 | Create | Villager (Male) |
| 18:18 | Create | Villager (Male) |
| 18:21 | Build | Farm |
| 18:23 | Build | Farm |
| 18:23 | Build | Farm |
| 18:25 | Create | Villager (Male) |
| 18:33 | Create | Villager (Male) |
| 18:33 | Create | Villager (Male) |
| 18:58 | Create | Villager (Male) |
| 18:59 | Build | House |
| 19:00 | Build | House |
| 19:02 | Create | Villager (Male) |
| 19:02 | Create | Villager (Male) |
| 19:12 | Build | Town Center |
| 19:15 | Build | Farm |
| 19:20 | Build | Farm |
| 19:20 | Build | Farm |
| 19:22 | Build | Farm |
| 19:23 | Create | Villager (Male) |
| 19:23 | Create | Villager (Male) |
| 19:27 | Build | Farm |
| 19:31 | Create | Villager (Male) |
| 19:32 | Create | Villager (Male) |
| 19:32 | Create | Villager (Male) |
| 19:34 | Build | Farm |
| 19:36 | Build | Farm |
| 19:38 | Build | Farm |
| 19:45 | Create | Villager (Male) |
| 19:45 | Create | Villager (Male) |
Build order — venslugen
First 150 of 1011 actions detected
| 0:01 | Create | Villager (Male) |
| 0:03 | Build | House |
| 0:04 | Build | House |
| 0:18 | Create | Villager (Male) |
| 0:18 | Create | Villager (Male) |
| 0:18 | Create | Villager (Male) |
| 0:19 | Create | Villager (Male) |
| 1:39 | Create | Villager (Male) |
| 1:54 | Build | Lumber Camp |
| 2:00 | Create | Villager (Male) |
| 2:23 | Create | Villager (Male) |
| 2:48 | Create | Villager (Male) |
| 3:07 | Create | Villager (Male) |
| 3:36 | Create | Villager (Male) |
| 3:55 | Build | Mill |
| 4:08 | Create | Villager (Male) |
| 4:29 | Create | Villager (Male) |
| 4:56 | Create | Villager (Male) |
| 4:56 | Create | Villager (Male) |
| 4:56 | Create | Villager (Male) |
| 5:32 | Create | Villager (Male) |
| 5:33 | Create | Villager (Male) |
| 5:33 | Create | Villager (Male) |
| 6:03 | Create | Villager (Male) |
| 6:06 | Build | House |
| 6:10 | Build | House |
| 6:27 | Create | Villager (Male) |
| 6:40 | Create | Villager (Male) |
| 6:40 | Create | Villager (Male) |
| 7:04 | Build | Mining Camp |
| 7:16 | Create | Villager (Male) |
| 7:16 | Create | Villager (Male) |
| 7:54 | Build | Lumber Camp |
| 8:12 | Research | Feudal Age |
| 9:58 | Create | Villager (Male) |
| 9:59 | Create | Villager (Male) |
| 11:27 | Age | Feudal Age |
| 11:30 | Build | Market |
| 11:33 | Build | Blacksmith |
| 11:43 | Build | House |
| 11:43 | Build | House |
| 11:45 | Build | House |
| 11:46 | Build | House |
| 12:51 | Research | Castle Age |
| 12:55 | Research | Horse Collar |
| 12:58 | Build | Farm |
| 12:58 | Build | Farm |
| 12:59 | Build | Farm |
| 12:59 | Build | Farm |
| 12:59 | Build | Farm |
| 12:59 | Build | Farm |
| 12:59 | Build | Farm |
| 13:00 | Build | Farm |
| 13:11 | Build | Farm |
| 13:12 | Build | Farm |
| 13:44 | Research | Double-Bit Axe |
| 15:31 | Age | Castle Age |
| 15:33 | Build | Town Center |
| 15:38 | Build | Town Center |
| 15:40 | Create | Villager (Male) |
| 15:47 | Build | Mill |
| 15:59 | Build | Mill |
| 16:02 | Create | Villager (Male) |
| 16:06 | Research | Heavy Plow |
| 16:20 | Create | Villager (Male) |
| 16:23 | Build | Farm |
| 16:28 | Build | Farm |
| 16:35 | Create | Villager (Male) |
| 16:44 | Create | Villager (Male) |
| 16:51 | Create | Villager (Male) |
| 16:51 | Create | Villager (Male) |
| 16:54 | Build | Farm |
| 17:03 | Build | Farm |
| 17:04 | Create | Villager (Male) |
| 17:06 | Create | Villager (Male) |
| 17:11 | Build | Farm |
| 17:16 | Create | Villager (Male) |
| 17:19 | Build | Farm |
| 17:21 | Create | Villager (Male) |
| 17:22 | Create | Villager (Male) |
| 17:28 | Build | Farm |
| 17:36 | Create | Villager (Male) |
| 17:37 | Create | Villager (Male) |
| 17:37 | Create | Villager (Male) |
| 17:42 | Create | Villager (Male) |
| 17:46 | Build | Farm |
| 17:57 | Research | Bow Saw |
| 17:57 | Research | Bow Saw |
| 18:09 | Create | Villager (Male) |
| 18:16 | Create | Villager (Male) |
| 18:24 | Build | Mill |
| 18:26 | Create | Villager (Male) |
| 18:26 | Create | Villager (Male) |
| 18:26 | Create | Villager (Male) |
| 18:39 | Create | Villager (Male) |
| 18:39 | Create | Villager (Male) |
| 18:46 | Build | Farm |
| 18:47 | Build | Farm |
| 18:47 | Build | Farm |
| 18:47 | Build | Farm |
| 18:47 | Build | Farm |
| 18:48 | Build | Farm |
| 18:48 | Build | Farm |
| 18:49 | Build | Farm |
| 18:50 | Build | Farm |
| 18:53 | Create | Villager (Male) |
| 18:53 | Create | Villager (Male) |
| 18:58 | Build | Farm |
| 19:02 | Build | Farm |
| 19:04 | Create | Villager (Male) |
| 19:04 | Create | Villager (Male) |
| 19:11 | Create | Villager (Male) |
| 19:23 | Create | Villager (Male) |
| 19:28 | Create | Villager (Male) |
| 19:28 | Create | Villager (Male) |
| 19:37 | Build | Mill |
| 19:38 | Create | Villager (Male) |
| 19:39 | Create | Villager (Male) |
| 19:39 | Create | Villager (Male) |
| 19:46 | Create | Villager (Male) |
| 19:46 | Create | Villager (Male) |
| 19:46 | Create | Villager (Male) |
| 19:50 | Build | Farm |
| 19:50 | Build | Farm |
| 19:51 | Build | Farm |
| 19:51 | Build | Farm |
| 19:51 | Build | Farm |
| 19:51 | Build | Farm |
| 19:52 | Build | Farm |
| 19:52 | Build | Farm |
| 19:59 | Build | Farm |
| 20:03 | Create | Villager (Male) |
| 20:04 | Create | Villager (Male) |
| 20:07 | Build | Farm |
| 20:14 | Create | Villager (Male) |
| 20:21 | Build | House |
| 20:23 | Build | House |
| 20:23 | Build | House |
| 20:23 | Build | House |
| 20:24 | Build | House |
| 20:24 | Build | House |
| 20:24 | Build | House |
| 20:26 | Create | Villager (Male) |
| 20:26 | Create | Villager (Male) |
| 20:33 | Create | Villager (Male) |
| 20:42 | Create | Villager (Male) |
| 20:57 | Create | Villager (Male) |
| 20:57 | Create | Villager (Male) |
| 21:06 | Create | Villager (Male) |
| 21:13 | Create | Villager (Male) |
Build order — TheKingNight893
First 150 of 611 actions detected
| 0:02 | Create | Villager (Male) |
| 0:02 | Create | Villager (Male) |
| 0:02 | Create | Villager (Male) |
| 0:02 | Create | Villager (Male) |
| 0:03 | Create | Villager (Male) |
| 0:05 | Build | House |
| 0:06 | Build | House |
| 1:41 | Create | Villager (Male) |
| 1:50 | Build | Lumber Camp |
| 2:03 | Create | Villager (Male) |
| 2:17 | Create | Villager (Male) |
| 3:10 | Create | Villager (Male) |
| 3:10 | Create | Villager (Male) |
| 3:47 | Build | Mill |
| 3:55 | Create | Villager (Male) |
| 4:06 | Create | Villager (Male) |
| 4:29 | Build | House |
| 4:36 | Create | Villager (Male) |
| 4:58 | Create | Villager (Male) |
| 5:01 | Build | House |
| 5:25 | Create | Villager (Male) |
| 5:38 | Create | Villager (Male) |
| 6:17 | Build | Mining Camp |
| 7:04 | Create | Villager (Male) |
| 7:24 | Create | Villager (Male) |
| 7:24 | Create | Villager (Male) |
| 8:06 | Create | Villager (Male) |
| 8:07 | Create | Villager (Male) |
| 8:14 | Create | Villager (Male) |
| 8:55 | Research | Feudal Age |
| 9:55 | Build | Farm |
| 11:13 | Build | Farm |
| 11:16 | Build | Farm |
| 11:23 | Research | Castle Age |
| 11:36 | Build | Farm |
| 12:14 | Research | Double-Bit Axe |
| 12:21 | Build | Farm |
| 12:29 | Build | Farm |
| 12:58 | Build | Farm |
| 13:31 | Build | Stable |
| 13:46 | Create | Villager (Male) |
| 13:46 | Create | Villager (Male) |
| 13:52 | Build | Farm |
| 14:05 | Create | Battle Elephant |
| 14:06 | Create | Battle Elephant |
| 14:23 | Build | Town Center |
| 14:33 | Build | House |
| 14:41 | Build | House |
| 15:22 | Create | Villager (Male) |
| 15:31 | Create | Villager (Male) |
| 15:38 | Create | Battle Elephant |
| 16:32 | Create | Villager (Male) |
| 16:37 | Create | Battle Elephant |
| 16:48 | Create | Villager (Male) |
| 16:51 | Create | Villager (Male) |
| 16:51 | Create | Villager (Male) |
| 16:55 | Build | Farm |
| 17:01 | Build | Town Center |
| 17:03 | Create | Villager (Male) |
| 17:06 | Build | Farm |
| 17:16 | Build | Farm |
| 17:41 | Build | House |
| 17:45 | Create | Villager (Male) |
| 17:47 | Build | Farm |
| 17:52 | Create | Villager (Male) |
| 18:39 | Research | Loom |
| 18:41 | Create | Villager (Male) |
| 18:41 | Create | Villager (Male) |
| 18:41 | Create | Villager (Male) |
| 18:43 | Create | Villager (Male) |
| 18:44 | Create | Villager (Male) |
| 18:45 | Build | Farm |
| 19:15 | Research | Husbandry |
| 19:37 | Build | Siege Workshop |
| 19:41 | Create | Villager (Male) |
| 19:44 | Create | Villager (Male) |
| 19:45 | Create | Villager (Male) |
| 20:00 | Create | Villager (Male) |
| 20:00 | Create | Villager (Male) |
| 20:14 | Build | House |
| 20:28 | Create | Scorpion |
| 20:43 | Create | Battle Elephant |
| 20:45 | Create | Battle Elephant |
| 20:56 | Build | Monastery |
| 21:29 | Create | Monk |
| 21:35 | Build | House |
| 21:51 | Create | Battering Ram |
| 22:05 | Build | House |
| 22:19 | Create | Villager (Male) |
| 22:19 | Create | Villager (Male) |
| 22:22 | Create | Villager (Male) |
| 22:22 | Create | Villager (Male) |
| 22:22 | Create | Villager (Male) |
| 22:23 | Build | Farm |
| 22:47 | Build | House |
| 22:50 | Create | Battering Ram |
| 23:01 | Build | House |
| 23:37 | Create | Villager (Male) |
| 23:38 | Create | Villager (Male) |
| 23:38 | Create | Villager (Male) |
| 23:40 | Create | Villager (Male) |
| 23:40 | Create | Villager (Male) |
| 23:41 | Create | Villager (Male) |
| 23:41 | Create | Villager (Male) |
| 23:41 | Create | Villager (Male) |
| 23:45 | Build | House |
| 24:12 | Build | House |
| 25:09 | Create | Scorpion |
| 25:09 | Create | Scorpion |
| 25:09 | Create | Scorpion |
| 25:10 | Create | Scorpion |
| 25:16 | Create | Villager (Male) |
| 25:16 | Create | Villager (Male) |
| 25:16 | Create | Villager (Male) |
| 25:16 | Create | Villager (Male) |
| 25:19 | Create | Villager (Male) |
| 25:20 | Create | Villager (Male) |
| 25:20 | Create | Villager (Male) |
| 25:20 | Create | Villager (Male) |
| 25:20 | Create | Villager (Male) |
| 25:24 | Build | Farm |
| 25:24 | Build | Farm |
| 25:26 | Build | Farm |
| 26:24 | Create | Villager (Male) |
| 26:24 | Create | Villager (Male) |
| 26:27 | Create | Villager (Male) |
| 26:27 | Create | Villager (Male) |
| 26:28 | Create | Villager (Male) |
| 26:29 | Build | Lumber Camp |
| 26:36 | Build | Farm |
| 26:37 | Build | Farm |
| 26:39 | Build | Farm |
| 27:05 | Create | Villager (Male) |
| 27:07 | Create | Villager (Male) |
| 27:07 | Create | Villager (Male) |
| 27:10 | Build | Farm |
| 27:13 | Build | Farm |
| 27:15 | Build | Farm |
| 27:49 | Build | House |
| 27:51 | Build | House |
| 28:35 | Create | Villager (Male) |
| 28:35 | Create | Villager (Male) |
| 28:35 | Create | Villager (Male) |
| 28:45 | Build | House |
| 28:56 | Build | Farm |
| 28:58 | Build | Farm |
| 29:00 | Build | Farm |
| 29:02 | Build | Farm |
| 29:03 | Build | Farm |
| 29:13 | Build | Farm |
Build order — PwNaSauRuS
First 150 of 542 actions detected
| 0:01 | Create | Villager (Male) |
| 0:01 | Create | Villager (Male) |
| 0:02 | Build | House |
| 0:04 | Build | House |
| 0:05 | Create | Villager (Male) |
| 0:05 | Create | Villager (Male) |
| 1:28 | Create | Villager (Male) |
| 1:51 | Build | Lumber Camp |
| 2:00 | Create | Villager (Male) |
| 2:18 | Create | Villager (Male) |
| 2:33 | Build | House |
| 2:53 | Create | Villager (Male) |
| 3:13 | Create | Villager (Male) |
| 3:16 | Create | Villager (Male) |
| 4:06 | Create | Villager (Male) |
| 4:35 | Create | Villager (Male) |
| 5:03 | Create | Villager (Male) |
| 5:05 | Create | Villager (Male) |
| 5:31 | Build | Mill |
| 6:23 | Research | Feudal Age |
| 6:34 | Build | Mining Camp |
| 6:49 | Research | Loom |
| 7:08 | Build | House |
| 8:09 | Create | Villager (Male) |
| 8:33 | Age | Feudal Age |
| 8:44 | Build | Watch Tower |
| 9:25 | Create | Villager (Male) |
| 10:28 | Build | House |
| 10:33 | Build | House |
| 11:15 | Create | Villager (Male) |
| 11:20 | Create | Villager (Male) |
| 11:23 | Create | Villager (Male) |
| 12:15 | Create | Villager (Male) |
| 13:08 | Build | Watch Tower |
| 13:09 | Create | Villager (Male) |
| 13:46 | Create | Villager (Male) |
| 14:09 | Create | Villager (Male) |
| 14:23 | Create | Villager (Male) |
| 14:32 | Create | Villager (Male) |
| 14:58 | Create | Villager (Male) |
| 15:06 | Build | Watch Tower |
| 15:09 | Research | Double-Bit Axe |
| 15:19 | Create | Villager (Male) |
| 15:40 | Create | Villager (Male) |
| 16:03 | Create | Villager (Male) |
| 16:10 | Build | House |
| 16:12 | Build | House |
| 16:32 | Research | Horse Collar |
| 16:41 | Create | Villager (Male) |
| 16:56 | Create | Villager (Male) |
| 17:18 | Build | Farm |
| 17:20 | Build | Farm |
| 17:23 | Build | Farm |
| 17:24 | Build | Farm |
| 17:26 | Build | Farm |
| 17:31 | Create | Villager (Male) |
| 17:39 | Build | Market |
| 17:46 | Create | Villager (Male) |
| 17:49 | Build | Farm |
| 18:00 | Build | Farm |
| 18:06 | Create | Villager (Male) |
| 18:21 | Build | Farm |
| 18:27 | Create | Villager (Male) |
| 18:35 | Build | House |
| 18:36 | Build | House |
| 18:54 | Create | Villager (Male) |
| 19:09 | Build | Stone Wall |
| 19:10 | Create | Villager (Male) |
| 19:20 | Build | Mining Camp |
| 19:33 | Create | Villager (Male) |
| 20:00 | Build | Farm |
| 20:01 | Build | Farm |
| 20:06 | Build | Farm |
| 20:07 | Build | Farm |
| 20:08 | Build | Farm |
| 20:11 | Build | Farm |
| 20:12 | Build | Farm |
| 20:15 | Create | Villager (Male) |
| 20:30 | Create | Villager (Male) |
| 20:41 | Build | Farm |
| 20:44 | Build | Farm |
| 20:49 | Build | Farm |
| 20:52 | Build | Farm |
| 21:04 | Create | Villager (Male) |
| 21:31 | Build | House |
| 21:33 | Build | House |
| 21:57 | Build | House |
| 21:58 | Build | House |
| 22:49 | Build | Blacksmith |
| 22:56 | Create | Villager (Male) |
| 23:03 | Build | Blacksmith |
| 23:08 | Create | Villager (Male) |
| 23:33 | Build | House |
| 23:34 | Research | Castle Age |
| 23:35 | Create | Villager (Male) |
| 23:46 | Create | Villager (Male) |
| 23:51 | Create | Villager (Male) |
| 24:04 | Build | House |
| 24:10 | Create | Villager (Male) |
| 24:18 | Build | Market |
| 24:31 | Create | Villager (Male) |
| 24:57 | Create | Villager (Male) |
| 25:29 | Research | Wheelbarrow |
| 26:32 | Build | Town Center |
| 27:36 | Create | Villager (Male) |
| 27:37 | Create | Villager (Male) |
| 27:40 | Research | Castle Age |
| 28:00 | Build | Mining Camp |
| 28:11 | Create | Villager (Male) |
| 28:15 | Build | Farm |
| 28:17 | Build | Farm |
| 28:18 | Build | Farm |
| 28:25 | Build | Farm |
| 28:26 | Build | Farm |
| 28:27 | Build | Farm |
| 28:32 | Create | Villager (Male) |
| 28:40 | Build | Mining Camp |
| 28:40 | Create | Villager (Male) |
| 28:50 | Research | Wheelbarrow |
| 28:50 | Create | Villager (Male) |
| 29:21 | Research | Town Watch |
| 29:32 | Create | Villager (Male) |
| 29:54 | Build | Farm |
| 29:55 | Build | Farm |
| 29:56 | Build | Farm |
| 30:01 | Build | Farm |
| 30:02 | Build | Farm |
| 30:04 | Build | Farm |
| 30:05 | Build | Farm |
| 30:08 | Create | Villager (Male) |
| 30:22 | Age | Castle Age |
| 30:31 | Build | Castle |
| 30:59 | Build | Farm |
| 31:00 | Build | Farm |
| 31:01 | Build | Farm |
| 31:28 | Build | Lumber Camp |
| 32:10 | Research | Imperial Age |
| 32:13 | Research | Hand Cart |
| 32:25 | Research | Fletching |
| 32:28 | Create | Villager (Male) |
| 32:35 | Build | University |
| 32:43 | Create | Villager (Male) |
| 32:50 | Build | University |
| 32:50 | Create | Villager (Male) |
| 33:00 | Build | Stone Wall |
| 33:09 | Research | Bow Saw |
| 33:18 | Research | Gold Mining |
| 33:44 | Build | Gate |
| 34:13 | Build | Siege Workshop |
| 34:17 | Create | Villager (Male) |
Build order — tc-Hawx
First 150 of 1018 actions detected
| 0:02 | Create | Villager (Male) ×4 |
| 0:04 | Build | House |
| 0:06 | Build | House |
| 1:27 | Create | Villager (Male) |
| 1:28 | Create | Villager (Male) |
| 1:49 | Build | Lumber Camp |
| 2:02 | Create | Villager (Male) |
| 2:02 | Create | Villager (Male) |
| 2:21 | Create | Villager (Male) |
| 2:21 | Create | Villager (Male) |
| 2:56 | Create | Villager (Male) |
| 3:12 | Create | Villager (Male) |
| 3:48 | Create | Villager (Male) |
| 3:58 | Build | House |
| 3:59 | Build | House |
| 4:00 | Create | Villager (Male) |
| 4:00 | Create | Villager (Male) |
| 4:28 | Build | House |
| 4:40 | Create | Villager (Male) |
| 4:47 | Create | Villager (Male) |
| 4:48 | Create | Villager (Male) |
| 4:55 | Create | Villager (Male) |
| 4:55 | Create | Villager (Male) |
| 5:11 | Create | Villager (Male) |
| 5:25 | Build | Mill |
| 5:43 | Create | Villager (Male) |
| 5:44 | Create | Villager (Male) |
| 5:51 | Create | Villager (Male) |
| 6:20 | Create | Villager (Male) |
| 6:37 | Build | Farm |
| 6:45 | Create | Villager (Male) |
| 7:01 | Create | Villager (Male) |
| 7:11 | Build | Farm |
| 7:12 | Create | Villager (Male) |
| 7:51 | Build | Farm |
| 8:14 | Research | Feudal Age |
| 8:33 | Build | Mining Camp |
| 9:09 | Build | Mining Camp |
| 9:43 | Create | Villager (Male) |
| 9:43 | Create | Villager (Male) |
| 10:35 | Age | Feudal Age |
| 10:42 | Build | Market |
| 10:46 | Build | Blacksmith |
| 11:45 | Research | Castle Age |
| 11:45 | Research | Castle Age |
| 11:52 | Research | Double-Bit Axe |
| 12:39 | Research | Horse Collar |
| 13:54 | Build | Farm |
| 14:25 | Age | Castle Age |
| 14:34 | Build | Town Center |
| 14:47 | Create | Villager (Male) |
| 14:52 | Research | Bow Saw |
| 14:58 | Build | Farm |
| 14:59 | Build | Farm |
| 15:07 | Build | Farm |
| 15:08 | Create | Villager (Male) |
| 15:24 | Create | Villager (Male) |
| 15:44 | Create | Villager (Male) |
| 15:52 | Build | Farm |
| 16:13 | Build | Castle |
| 16:17 | Create | Villager (Male) |
| 16:28 | Build | Farm |
| 16:29 | Build | Farm |
| 16:29 | Build | Farm |
| 16:31 | Create | Villager (Male) |
| 16:57 | Build | House |
| 17:02 | Create | Villager (Male) |
| 17:08 | Research | Loom |
| 17:09 | Create | Villager (Male) |
| 17:24 | Build | House |
| 17:28 | Build | House |
| 17:29 | Build | House |
| 17:31 | Create | Villager (Male) |
| 17:36 | Create | Villager (Male) |
| 17:39 | Build | Farm |
| 17:39 | Build | Farm |
| 17:46 | Create | Villager (Male) |
| 18:04 | Build | Farm |
| 18:05 | Build | Farm |
| 18:10 | Build | Farm |
| 18:12 | Build | Farm |
| 18:15 | Build | Farm |
| 18:17 | Build | Farm |
| 18:17 | Create | Villager (Male) |
| 18:22 | Create | Villager (Male) |
| 18:37 | Build | Farm |
| 18:38 | Create | Villager (Male) |
| 18:47 | Create | Villager (Male) |
| 19:03 | Create | Mangudai |
| 19:03 | Create | Mangudai |
| 19:10 | Create | Villager (Male) |
| 19:22 | Create | Villager (Male) |
| 19:27 | Create | Mangudai |
| 19:38 | Create | Villager (Male) |
| 19:46 | Create | Villager (Male) |
| 19:52 | Build | Town Center |
| 19:53 | Create | Villager (Male) |
| 19:59 | Create | Villager (Male) |
| 20:04 | Build | Farm |
| 20:04 | Build | Farm |
| 20:06 | Create | Villager (Male) |
| 20:09 | Create | Villager (Male) |
| 20:17 | Research | Wheelbarrow |
| 20:27 | Create | Villager (Male) |
| 20:39 | Create | Villager (Male) |
| 20:49 | Create | Villager (Male) |
| 20:50 | Create | Mangudai |
| 20:58 | Create | Villager (Male) |
| 21:01 | Create | Villager (Male) |
| 21:16 | Create | Villager (Male) |
| 21:27 | Create | Villager (Male) |
| 21:30 | Build | Siege Workshop |
| 21:33 | Research | Fletching |
| 21:33 | Research | Fletching |
| 21:43 | Build | Watch Tower |
| 21:46 | Create | Villager (Male) |
| 21:54 | Create | Villager (Male) |
| 22:03 | Create | Villager (Male) |
| 22:07 | Build | House |
| 22:14 | Build | Farm |
| 22:15 | Create | Villager (Male) |
| 22:25 | Build | Town Center |
| 22:31 | Create | Villager (Male) |
| 22:34 | Create | Villager (Male) |
| 22:45 | Create | Scorpion |
| 22:48 | Create | Villager (Male) |
| 22:52 | Build | Farm |
| 22:52 | Build | Farm |
| 22:52 | Build | Farm |
| 22:54 | Create | Villager (Male) |
| 23:09 | Create | Villager (Male) |
| 23:19 | Build | Farm |
| 23:19 | Build | Farm |
| 23:19 | Build | Farm |
| 23:21 | Create | Villager (Male) |
| 23:26 | Build | Farm |
| 23:26 | Create | Villager (Male) |
| 23:38 | Create | Villager (Male) |
| 23:47 | Build | Farm |
| 23:48 | Create | Villager (Male) |
| 23:54 | Research | Heavy Plow |
| 23:54 | Research | Heavy Plow |
| 24:04 | Build | Mill |
| 24:05 | Build | Farm |
| 24:05 | Build | Farm |
| 24:06 | Build | Farm |
| 24:06 | Build | Farm |
| 24:07 | Create | Villager (Male) |
| 24:15 | Create | Villager (Male) |
| 24:19 | Build | House |
Build order — DrFuji
First 150 of 698 actions detected
| 0:01 | Create | Villager (Male) ×5 |
| 0:03 | Build | House |
| 0:04 | Build | House |
| 1:48 | Build | Lumber Camp |
| 1:50 | Create | Villager (Male) |
| 2:03 | Create | Villager (Male) |
| 2:20 | Create | Villager (Male) |
| 2:52 | Create | Villager (Male) |
| 3:27 | Create | Villager (Male) |
| 3:43 | Build | House |
| 3:56 | Create | Villager (Male) |
| 3:56 | Create | Villager (Male) |
| 4:10 | Create | Villager (Male) |
| 4:33 | Build | Mill |
| 4:48 | Create | Villager (Male) |
| 4:55 | Create | Villager (Male) |
| 5:59 | Build | House |
| 6:05 | Create | Villager (Male) |
| 6:05 | Create | Villager (Male) |
| 6:05 | Create | Villager (Male) |
| 6:06 | Create | Villager (Male) |
| 7:29 | Create | Villager (Male) |
| 7:35 | Research | Feudal Age |
| 7:38 | Build | Farm |
| 7:38 | Build | Farm |
| 7:39 | Build | Farm |
| 7:39 | Build | Farm |
| 7:55 | Build | Mining Camp |
| 8:56 | Create | Villager (Male) |
| 8:56 | Create | Villager (Male) |
| 10:08 | Age | Feudal Age |
| 10:14 | Build | Market |
| 10:17 | Build | Blacksmith |
| 10:38 | Build | House |
| 11:05 | Research | Castle Age |
| 11:56 | Build | Barracks |
| 12:21 | Create | Villager (Male) |
| 12:50 | Build | Stable |
| 13:19 | Create | Villager (Male) |
| 13:19 | Create | Villager (Male) |
| 13:39 | Build | House |
| 13:52 | Age | Castle Age |
| 13:53 | Create | Knight |
| 13:53 | Create | Knight |
| 14:05 | Build | Town Center |
| 15:01 | Create | Villager (Male) |
| 15:01 | Create | Villager (Male) |
| 15:06 | Create | Knight |
| 16:20 | Create | Villager (Male) |
| 16:21 | Create | Villager (Male) |
| 16:21 | Create | Villager (Male) |
| 16:23 | Build | Town Center |
| 16:27 | Build | Farm |
| 16:35 | Research | Double-Bit Axe |
| 16:36 | Build | Farm |
| 16:38 | Research | Horse Collar |
| 16:40 | Build | Farm |
| 16:43 | Build | Farm |
| 16:43 | Build | Farm |
| 16:44 | Build | Farm |
| 16:51 | Build | Farm |
| 17:07 | Create | Villager (Male) |
| 17:17 | Build | Farm |
| 17:21 | Build | Farm |
| 17:25 | Build | Farm |
| 17:37 | Create | Villager (Male) |
| 17:38 | Create | Villager (Male) |
| 17:38 | Create | Villager (Male) |
| 17:46 | Build | Farm |
| 17:55 | Build | Farm |
| 18:07 | Build | Farm |
| 18:12 | Create | Villager (Male) |
| 18:26 | Build | Monastery |
| 18:31 | Create | Villager (Male) |
| 18:31 | Create | Villager (Male) |
| 18:35 | Build | Farm |
| 18:58 | Create | Spearman |
| 18:59 | Create | Spearman |
| 19:02 | Create | Villager (Male) |
| 19:09 | Build | House |
| 19:10 | Create | Monk |
| 19:14 | Create | Spearman |
| 19:16 | Create | Spearman |
| 19:22 | Create | Villager (Male) |
| 19:25 | Build | Farm |
| 19:28 | Build | Farm |
| 19:42 | Create | Spearman |
| 19:47 | Build | House |
| 20:00 | Create | Villager (Male) |
| 20:01 | Create | Villager (Male) |
| 20:05 | Create | Villager (Male) |
| 20:05 | Create | Villager (Male) |
| 20:16 | Build | House |
| 20:20 | Create | Villager (Male) |
| 20:21 | Create | Villager (Male) |
| 20:26 | Create | Monk |
| 20:34 | Build | Farm |
| 20:34 | Build | Farm |
| 20:34 | Build | Farm |
| 20:34 | Build | Farm |
| 20:35 | Build | Farm |
| 20:37 | Build | Farm |
| 20:37 | Build | Farm |
| 20:37 | Build | Farm |
| 20:38 | Build | Farm |
| 20:57 | Create | Villager (Male) |
| 20:57 | Create | Villager (Male) |
| 20:58 | Create | Villager (Male) |
| 21:20 | Create | Villager (Male) |
| 21:20 | Create | Villager (Male) |
| 21:20 | Create | Villager (Male) |
| 21:35 | Build | Mill |
| 21:35 | Build | Farm |
| 21:36 | Build | Farm |
| 21:36 | Build | Farm |
| 21:36 | Build | Farm |
| 22:07 | Research | Pikeman (upgrade) |
| 22:17 | Create | Villager (Male) |
| 22:17 | Create | Villager (Male) |
| 22:17 | Create | Villager (Male) |
| 22:18 | Create | Villager (Male) |
| 22:18 | Create | Villager (Male) |
| 22:24 | Build | House |
| 22:25 | Build | House |
| 22:26 | Build | House |
| 22:27 | Build | House |
| 22:28 | Build | House |
| 23:14 | Create | Villager (Male) |
| 23:15 | Research | Loom |
| 23:23 | Build | House |
| 23:52 | Build | House |
| 23:53 | Build | House |
| 24:04 | Create | Villager (Male) |
| 24:04 | Create | Villager (Male) |
| 24:04 | Create | Villager (Male) |
| 24:13 | Create | Knight |
| 24:14 | Create | Knight |
| 24:14 | Create | Knight |
| 24:18 | Build | Stable |
| 24:24 | Build | Lumber Camp |
| 24:26 | Create | Villager (Male) |
| 24:26 | Create | Villager (Male) |
| 24:27 | Create | Villager (Male) |
| 25:07 | Create | Knight |
| 25:10 | Build | Stable |
| 25:12 | Create | Villager (Male) |
| 25:12 | Create | Villager (Male) |
| 25:13 | Create | Villager (Male) |
| 25:13 | Create | Villager (Male) |
| 25:13 | Create | Villager (Male) |
Build order — G.Gerry11
First 150 of 200 actions detected
| 0:05 | Create | Villager (Male) |
| 0:05 | Create | Villager (Male) |
| 0:05 | Create | Villager (Male) |
| 0:06 | Create | Villager (Male) |
| 0:07 | Build | House |
| 0:10 | Build | House |
| 1:34 | Create | Villager (Male) |
| 1:34 | Create | Villager (Male) |
| 2:03 | Create | Villager (Male) |
| 2:04 | Create | Villager (Male) |
| 2:21 | Create | Villager (Male) |
| 2:22 | Create | Villager (Male) |
| 2:57 | Create | Villager (Male) |
| 2:57 | Create | Villager (Male) |
| 3:17 | Create | Villager (Male) |
| 3:17 | Create | Villager (Male) |
| 3:39 | Create | Villager (Male) |
| 3:39 | Create | Villager (Male) |
| 3:40 | Research | Loom |
| 3:46 | Build | House |
| 3:46 | Build | House |
| 4:43 | Create | Villager (Male) |
| 4:43 | Create | Villager (Male) |
| 4:44 | Create | Villager (Male) |
| 4:44 | Create | Villager (Male) |
| 4:59 | Build | Mill |
| 5:07 | Create | Villager (Male) |
| 5:46 | Create | Villager (Male) |
| 6:45 | Build | Lumber Camp |
| 7:00 | Create | Villager (Male) |
| 7:29 | Research | Feudal Age |
| 7:30 | Research | Feudal Age |
| 8:09 | Build | House |
| 9:45 | Age | Feudal Age |
| 12:30 | Create | Villager (Male) |
| 12:30 | Create | Villager (Male) |
| 13:02 | Build | Town Center |
| 13:04 | Create | Villager (Male) |
| 13:11 | Create | Villager (Male) |
| 14:11 | Create | Villager (Male) |
| 14:41 | Create | Villager (Male) |
| 14:49 | Create | Villager (Male) |
| 15:30 | Create | Villager (Male) |
| 15:30 | Create | Villager (Male) |
| 15:32 | Create | Villager (Male) |
| 16:22 | Create | Villager (Male) |
| 16:22 | Create | Villager (Male) |
| 16:48 | Build | Mill |
| 16:55 | Create | Villager (Male) |
| 17:32 | Create | Villager (Male) |
| 17:58 | Build | House |
| 18:05 | Create | Villager (Male) |
| 18:19 | Build | Blacksmith |
| 18:22 | Create | Villager (Male) |
| 18:36 | Create | Villager (Male) |
| 18:49 | Create | Villager (Male) |
| 19:08 | Create | Villager (Male) |
| 19:29 | Build | Farm |
| 19:30 | Build | Farm |
| 19:31 | Build | Farm |
| 19:40 | Create | Villager (Male) |
| 19:47 | Create | Villager (Male) |
| 19:51 | Create | Villager (Male) |
| 20:21 | Build | Barracks |
| 20:24 | Create | Villager (Male) |
| 20:28 | Create | Villager (Male) |
| 20:30 | Build | Farm |
| 20:45 | Create | Villager (Male) |
| 20:51 | Build | Farm |
| 21:03 | Build | Farm |
| 21:14 | Build | Farm |
| 21:20 | Create | Villager (Male) |
| 21:49 | Create | Villager (Male) |
| 21:53 | Build | Farm |
| 22:00 | Build | Farm |
| 22:01 | Build | Farm |
| 22:02 | Build | Farm |
| 22:08 | Build | House |
| 22:09 | Build | House |
| 22:12 | Create | Spearman |
| 22:15 | Create | Spearman |
| 22:24 | Build | Farm |
| 22:40 | Create | Villager (Male) |
| 22:51 | Create | Spearman |
| 23:08 | Build | Farm |
| 23:09 | Create | Villager (Male) |
| 23:13 | Build | Farm |
| 23:15 | Create | Villager (Male) |
| 23:35 | Create | Villager (Male) |
| 23:40 | Create | Villager (Male) |
| 23:44 | Build | House |
| 23:45 | Build | House |
| 23:47 | Create | Spearman |
| 24:10 | Build | Farm |
| 24:12 | Build | Farm |
| 24:14 | Create | Villager (Male) |
| 24:15 | Create | Villager (Male) |
| 25:08 | Build | Farm |
| 25:10 | Create | Villager (Male) |
| 25:10 | Create | Villager (Male) |
| 25:10 | Create | Villager (Male) |
| 25:11 | Create | Villager (Male) |
| 25:16 | Build | Mining Camp |
| 25:25 | Create | Villager (Male) |
| 25:58 | Build | Farm |
| 25:59 | Create | Villager (Male) |
| 26:01 | Create | Villager (Male) |
| 26:04 | Build | Farm |
| 26:09 | Build | Palisade Gate |
| 26:10 | Build | House |
| 26:12 | Build | House |
| 26:15 | Build | Stable |
| 26:22 | Build | House |
| 26:32 | Build | Stable |
| 26:35 | Create | Villager (Male) |
| 26:35 | Create | Villager (Male) |
| 26:36 | Create | Villager (Male) |
| 26:41 | Build | Farm |
| 26:46 | Create | Villager (Male) |
| 26:59 | Create | Spearman |
| 27:00 | Create | Spearman |
| 27:01 | Create | Spearman |
| 27:02 | Create | Spearman |
| 27:04 | Create | Villager (Male) |
| 27:04 | Create | Villager (Male) |
| 27:13 | Build | Mining Camp |
| 27:16 | Research | Double-Bit Axe |
| 27:18 | Research | Horse Collar |
| 27:22 | Build | Farm |
| 27:36 | Create | Spearman |
| 27:38 | Create | Villager (Male) |
| 27:38 | Create | Villager (Male) |
| 27:40 | Build | Farm |
| 28:07 | Build | Farm |
| 28:08 | Create | Villager (Male) |
| 28:10 | Create | Villager (Male) |
| 28:11 | Create | Villager (Male) |
| 28:11 | Create | Villager (Male) |
| 28:23 | Build | Mill |
| 28:32 | Create | Villager (Male) |
| 28:58 | Create | Villager (Male) |
| 28:59 | Create | Villager (Male) |
| 29:10 | Build | Farm |
| 29:34 | Create | Villager (Male) |
| 29:36 | Create | Villager (Male) |
| 29:41 | Build | Stable |
| 29:43 | Build | House |
| 29:44 | Build | House |
| 29:46 | Build | House |
| 29:49 | Build | House |
Build order — zulin
First 150 of 758 actions detected
| 0:02 | Create | Villager (Male) |
| 0:02 | Create | Villager (Male) |
| 0:05 | Research | Loom |
| 0:07 | Build | House |
| 0:08 | Build | House |
| 0:20 | Create | Villager (Male) |
| 0:20 | Create | Villager (Male) |
| 0:21 | Create | Villager (Male) |
| 1:21 | Create | Villager (Male) |
| 2:00 | Build | Lumber Camp |
| 2:10 | Create | Villager (Male) |
| 2:10 | Create | Villager (Male) |
| 2:11 | Create | Villager (Male) |
| 2:57 | Create | Villager (Male) |
| 2:57 | Create | Villager (Male) |
| 3:40 | Create | Villager (Male) |
| 3:40 | Create | Villager (Male) |
| 3:45 | Create | Villager (Male) |
| 3:45 | Create | Villager (Male) |
| 4:02 | Create | Villager (Male) |
| 4:08 | Create | Villager (Male) |
| 4:47 | Build | House |
| 5:04 | Build | Mill |
| 5:10 | Create | Villager (Male) |
| 5:40 | Build | House |
| 6:04 | Create | Villager (Male) |
| 6:05 | Create | Villager (Male) |
| 6:23 | Create | Villager (Male) |
| 6:56 | Create | Villager (Male) |
| 7:03 | Create | Villager (Male) |
| 7:09 | Build | House |
| 7:14 | Build | House |
| 7:34 | Create | Villager (Male) |
| 8:10 | Create | Villager (Male) |
| 8:14 | Build | Mining Camp |
| 8:52 | Build | House |
| 8:56 | Create | Villager (Male) |
| 9:03 | Create | Villager (Male) |
| 9:04 | Research | Feudal Age |
| 9:06 | Create | Villager (Male) |
| 9:06 | Create | Villager (Male) |
| 9:19 | Build | House |
| 9:22 | Build | Barracks |
| 9:27 | Build | Farm |
| 10:02 | Build | Mining Camp |
| 11:21 | Build | House |
| 11:24 | Build | House |
| 12:00 | Create | Villager (Male) |
| 12:00 | Age | Feudal Age |
| 12:14 | Build | Market |
| 12:27 | Create | Villager (Male) |
| 12:53 | Create | Eagle Scout |
| 13:05 | Build | Blacksmith |
| 13:33 | Research | Double-Bit Axe |
| 13:50 | Research | Castle Age |
| 14:23 | Research | Horse Collar |
| 14:27 | Build | Farm |
| 14:31 | Build | Farm |
| 14:58 | Build | Farm |
| 15:57 | Create | Villager (Male) |
| 16:30 | Age | Castle Age |
| 16:31 | Build | Castle |
| 16:45 | Create | Eagle Scout |
| 17:05 | Create | Villager (Male) |
| 17:12 | Build | Farm |
| 17:15 | Build | Farm |
| 17:20 | Build | Farm |
| 17:23 | Build | Farm |
| 17:25 | Build | Farm |
| 17:32 | Build | Farm |
| 17:37 | Build | Farm |
| 17:41 | Build | Farm |
| 17:45 | Build | Farm |
| 17:46 | Build | Farm |
| 17:48 | Create | Villager (Male) |
| 17:48 | Create | Villager (Male) |
| 17:53 | Build | Mining Camp |
| 18:16 | Create | Plumed Archer |
| 18:17 | Create | Plumed Archer |
| 18:28 | Research | Fletching |
| 18:33 | Create | Villager (Male) |
| 18:40 | Build | Farm |
| 18:42 | Build | Farm |
| 18:54 | Create | Plumed Archer |
| 19:11 | Create | Villager (Male) |
| 19:16 | Build | Outpost |
| 19:20 | Build | Outpost |
| 19:22 | Research | Town Watch |
| 19:24 | Create | Villager (Male) |
| 19:33 | Create | Villager (Male) |
| 20:01 | Create | Plumed Archer |
| 20:21 | Research | Wheelbarrow |
| 20:33 | Create | Villager (Male) |
| 20:45 | Build | Outpost |
| 20:50 | Create | Villager (Male) |
| 20:56 | Create | Plumed Archer |
| 21:44 | Build | Farm |
| 21:46 | Create | Villager (Male) |
| 21:46 | Create | Villager (Male) |
| 22:34 | Build | Castle |
| 23:05 | Create | Plumed Archer |
| 23:31 | Create | Villager (Male) |
| 23:35 | Build | Monastery |
| 23:43 | Create | Plumed Archer |
| 23:45 | Create | Plumed Archer |
| 24:11 | Build | Mining Camp |
| 24:13 | Create | Villager (Male) |
| 24:14 | Create | Villager (Male) |
| 24:15 | Create | Plumed Archer |
| 24:15 | Create | Plumed Archer |
| 24:39 | Create | Villager (Male) |
| 24:43 | Create | Villager (Male) |
| 24:43 | Create | Villager (Male) |
| 24:46 | Create | Monk |
| 24:50 | Create | Villager (Male) |
| 24:55 | Create | Villager (Male) |
| 24:55 | Create | Villager (Male) |
| 25:05 | Research | Gold Mining |
| 25:56 | Research | Imperial Age |
| 25:56 | Research | Imperial Age |
| 25:58 | Create | Villager (Male) |
| 26:07 | Build | Monastery |
| 27:01 | Create | Monk |
| 27:08 | Create | Monk |
| 27:40 | Research | Hand Cart |
| 27:45 | Research | Stone Mining |
| 27:47 | Research | Bodkin Arrow |
| 27:53 | Build | University |
| 28:20 | Research | Heavy Plow |
| 28:24 | Research | Bow Saw |
| 28:31 | Build | Lumber Camp |
| 29:01 | Create | Villager (Male) |
| 29:01 | Create | Villager (Male) |
| 29:05 | Create | Villager (Male) |
| 29:06 | Age | Imperial Age |
| 29:11 | Research | Conscription |
| 29:45 | Create | Trebuchet (Packed) |
| 30:39 | Create | Plumed Archer |
| 30:39 | Create | Plumed Archer |
| 30:40 | Create | Plumed Archer |
| 30:40 | Create | Plumed Archer |
| 30:56 | Create | Plumed Archer |
| 31:04 | Create | Plumed Archer |
| 31:16 | Research | Chemistry |
| 31:19 | Research | Padded Archer Armor |
| 31:28 | Build | Mining Camp |
| 31:31 | Create | Plumed Archer |
| 31:32 | Create | Plumed Archer |
| 31:54 | Create | Eagle Scout |
| 31:54 | Create | Eagle Scout |
Match timeline
| 8:33 | PwNaSauRuS · age_up feudal |
| 9:22 | zulin · first_building Barracks |
| 9:45 | G.Gerry11 · age_up feudal |
| 10:08 | DrFuji · age_up feudal |
| 10:35 | tc-Hawx · age_up feudal |
| 10:57 | damiansima · age_up feudal |
| 11:27 | venslugen · age_up feudal |
| 11:56 | DrFuji · first_building Barracks |
| 12:00 | zulin · age_up feudal |
| 12:48 | venslugen · first_market_sell 100 wood |
| 12:50 | venslugen · first_market_buy 100 food |
| 12:50 | DrFuji · first_building Stable |
| 13:31 | TheKingNight893 · first_building Stable |
| 13:47 | zulin · first_market_sell 100 food |
| 13:52 | DrFuji · age_up castle |
| 14:25 | tc-Hawx · age_up castle |
| 15:16 | damiansima · age_up castle |
| 15:17 | damiansima · first_market_buy 100 stone |
| 15:31 | venslugen · age_up castle |
| 16:13 | tc-Hawx · first_building Castle |
| 16:24 | tc-Hawx · first_market_buy 100 wood |
| 16:30 | zulin · age_up castle |
| 16:31 | zulin · first_building Castle |
| 17:08 | damiansima · first_building Monastery |
| 17:34 | DrFuji · first_market_buy 100 food |
| 18:26 | DrFuji · first_building Monastery |
| 19:09 | PwNaSauRuS · wall_segment Stone Wall x3 |
| 19:37 | TheKingNight893 · first_building Siege Workshop |
| 20:06 | damiansima · first_building Barracks |
| 20:21 | G.Gerry11 · first_building Barracks |
| 20:56 | TheKingNight893 · first_building Monastery |
| 21:30 | tc-Hawx · first_building Siege Workshop |
| 22:04 | PwNaSauRuS · first_market_sell 100 wood |
| 22:05 | damiansima · first_building Stable |
| 23:35 | zulin · first_building Monastery |
| 23:51 | venslugen · first_building Castle |
| 25:28 | DrFuji · first_building Siege Workshop |
| 25:55 | venslugen · first_building Barracks |
| 26:15 | G.Gerry11 · first_building Stable |
| 26:29 | damiansima · first_market_sell 100 wood |
| 27:43 | tc-Hawx · first_market_sell 100 wood |
| 28:27 | zulin · first_market_buy 100 wood |
| 28:35 | damiansima · first_building Siege Workshop |
| 28:41 | venslugen · age_up imperial |
| 29:06 | zulin · age_up imperial |
| 29:36 | tc-Hawx · first_building Barracks |
| 29:40 | damiansima · age_up imperial |
| 29:46 | TheKingNight893 · first_building Castle |
| 30:11 | tc-Hawx · first_building Stable |
| 30:20 | venslugen · first_building Stable |
| 30:22 | PwNaSauRuS · age_up castle |
| 30:31 | PwNaSauRuS · first_building Castle |
| 31:00 | damiansima · first_building Castle |
| 31:22 | tc-Hawx · age_up imperial |
| 32:02 | DrFuji · tribute_sent a jugador 1 |
| 32:02 | DrFuji · tribute_sent a jugador 2 |
| 32:02 | DrFuji · tribute_sent a jugador 3 |
| 32:02 | DrFuji · tribute_sent a jugador 4 |
| 32:02 | DrFuji · tribute_sent a jugador 6 |
| 32:02 | DrFuji · tribute_sent a jugador 7 |
| 32:02 | DrFuji · tribute_sent a jugador 8 |
| 32:09 | G.Gerry11 · first_building Archery Range |
| 33:00 | PwNaSauRuS · wall_segment Stone Wall x13 |
| 33:25 | G.Gerry11 · age_up castle |
| 33:49 | G.Gerry11 · first_building Castle |
| 34:04 | damiansima · first_building Archery Range |
| 34:11 | DrFuji · tribute_sent a jugador 1 |
| 34:11 | DrFuji · tribute_sent a jugador 2 |
| 34:11 | DrFuji · tribute_sent a jugador 3 |
| 34:11 | DrFuji · tribute_sent a jugador 4 |
| 34:11 | DrFuji · tribute_sent a jugador 6 |
| 34:11 | DrFuji · tribute_sent a jugador 7 |
| 34:11 | DrFuji · tribute_sent a jugador 8 |
| 34:13 | PwNaSauRuS · first_building Siege Workshop |
| 34:16 | DrFuji · first_building Castle |
| 35:34 | PwNaSauRuS · wall_segment Stone Wall x7 |
| 35:37 | PwNaSauRuS · age_up imperial |
| 36:19 | zulin · first_building Archery Range |
| 36:28 | tc-Hawx · first_building Archery Range |
| 36:52 | DrFuji · tribute_sent a jugador 1 |
| 36:52 | DrFuji · tribute_sent a jugador 2 |
| 36:52 | DrFuji · tribute_sent a jugador 3 |
| 36:52 | DrFuji · tribute_sent a jugador 4 |
| 36:53 | DrFuji · tribute_sent a jugador 6 |
| 36:53 | DrFuji · tribute_sent a jugador 7 |
| 36:53 | DrFuji · tribute_sent a jugador 8 |
| 36:56 | G.Gerry11 · resign |
| 37:49 | DrFuji · tribute_sent a jugador 1 |
| 37:49 | DrFuji · tribute_sent a jugador 2 |
| 37:49 | DrFuji · tribute_sent a jugador 3 |
| 37:49 | DrFuji · tribute_sent a jugador 4 |
| 37:49 | DrFuji · tribute_sent a jugador 6 |
| 37:49 | DrFuji · tribute_sent a jugador 7 |
| 37:49 | DrFuji · tribute_sent a jugador 8 |
| 39:12 | venslugen · first_building Archery Range |
| 42:26 | DrFuji · first_market_sell 500 wood |
| 42:43 | DrFuji · wall_segment Palisade Wall x5 |
| 45:18 | DrFuji · age_up imperial |
| 46:21 | DrFuji · wall_segment Stone Wall x5 |
| 47:10 | PwNaSauRuS · wall_segment Stone Wall x13 |
| 49:37 | PwNaSauRuS · first_building Monastery |
| 49:58 | DrFuji · first_building Archery Range |
| 50:05 | zulin · wall_segment Stone Wall x4 |
| 50:23 | DrFuji · tribute_sent a jugador 1 |
| 50:23 | DrFuji · tribute_sent a jugador 2 |
| 50:23 | DrFuji · tribute_sent a jugador 3 |
| 50:23 | DrFuji · tribute_sent a jugador 4 |
| 50:23 | DrFuji · tribute_sent a jugador 6 |
| 50:23 | DrFuji · tribute_sent a jugador 7 |
| 50:23 | DrFuji · tribute_sent a jugador 8 |
| 51:01 | zulin · wall_segment Stone Wall x4 |
| 51:02 | PwNaSauRuS · wall_segment Stone Wall x2 |
| 51:08 | PwNaSauRuS · wall_segment Stone Wall x1 |
| 51:17 | zulin · wall_segment Stone Wall x5 |
| 51:40 | DrFuji · tribute_sent a jugador 1 |
| 51:40 | DrFuji · tribute_sent a jugador 2 |
| 51:40 | DrFuji · tribute_sent a jugador 3 |
| 51:40 | DrFuji · tribute_sent a jugador 4 |
| 51:40 | DrFuji · tribute_sent a jugador 6 |
| 51:40 | DrFuji · tribute_sent a jugador 7 |
| 51:40 | DrFuji · tribute_sent a jugador 8 |
| 57:08 | DrFuji · tribute_sent a jugador 1 |
| 57:08 | DrFuji · tribute_sent a jugador 2 |
| 57:08 | DrFuji · tribute_sent a jugador 3 |
| 57:08 | DrFuji · tribute_sent a jugador 4 |
| 57:08 | DrFuji · tribute_sent a jugador 6 |
| 57:08 | DrFuji · tribute_sent a jugador 7 |
| 57:08 | DrFuji · tribute_sent a jugador 8 |
| 57:15 | PwNaSauRuS · first_building Barracks |
| 61:33 | DrFuji · wall_segment Palisade Wall x1 |
| 61:49 | DrFuji · tribute_sent a jugador 1 |
| 61:49 | DrFuji · tribute_sent a jugador 2 |
| 61:49 | DrFuji · tribute_sent a jugador 3 |
| 61:49 | DrFuji · tribute_sent a jugador 4 |
| 61:49 | DrFuji · tribute_sent a jugador 6 |
| 61:49 | DrFuji · tribute_sent a jugador 7 |
| 61:49 | DrFuji · tribute_sent a jugador 8 |
| 64:31 | DrFuji · tribute_sent a jugador 1 |
| 64:31 | DrFuji · tribute_sent a jugador 2 |
| 64:31 | DrFuji · tribute_sent a jugador 3 |
| 64:31 | DrFuji · tribute_sent a jugador 4 |
| 64:31 | DrFuji · tribute_sent a jugador 6 |
| 64:31 | DrFuji · tribute_sent a jugador 7 |
| 64:31 | DrFuji · tribute_sent a jugador 8 |
| 65:04 | zulin · wall_segment Palisade Wall x1 |
| 65:10 | zulin · wall_segment Palisade Wall x1 |
| 65:22 | zulin · wall_segment Palisade Wall x1 |
| 65:43 | DrFuji · tribute_sent a jugador 1 |
| 65:43 | DrFuji · tribute_sent a jugador 2 |
| 65:43 | DrFuji · tribute_sent a jugador 3 |
| 65:43 | DrFuji · tribute_sent a jugador 4 |
| 65:43 | DrFuji · tribute_sent a jugador 6 |
| 65:43 | DrFuji · tribute_sent a jugador 7 |
| 65:43 | DrFuji · tribute_sent a jugador 8 |
| 66:27 | zulin · wall_segment Palisade Wall x1 |
| 68:06 | DrFuji · tribute_sent a jugador 1 |
| 68:06 | DrFuji · tribute_sent a jugador 2 |
| 68:06 | DrFuji · tribute_sent a jugador 3 |
| 68:06 | DrFuji · tribute_sent a jugador 4 |
| 68:06 | DrFuji · tribute_sent a jugador 6 |
| 68:06 | DrFuji · tribute_sent a jugador 7 |
| 68:06 | DrFuji · tribute_sent a jugador 8 |
| 71:20 | DrFuji · tribute_sent a jugador 1 |
| 71:20 | DrFuji · tribute_sent a jugador 2 |
| 71:20 | DrFuji · tribute_sent a jugador 3 |
| 71:20 | DrFuji · tribute_sent a jugador 4 |
| 71:20 | DrFuji · tribute_sent a jugador 6 |
| 71:20 | DrFuji · tribute_sent a jugador 7 |
| 71:20 | DrFuji · tribute_sent a jugador 8 |
[ AI ANALYSIS · 1 CREDIT ]
What really happened in this match?
Wolo.gg analyzes every decision: build order, eco, micro, common mistakes by bracket. Personalized analysis on WhatsApp or Discord in 30 seconds.
Civ guide
Hindustanis
Perfil
Jugador #5358021